 Dungeon Crawl Stone Soup version 0.30-a0-358-g0d69a1922f (webtiles) character file.

Game seed: 4178980029529469762

498 oldmanjim the Trooper (level 7, -12/53 HPs)
             Began as a Djinni Earth Elementalist on Nov 9, 2022.
             Mangled by an ogre
             ... wielding a +0 giant club
              (21 damage)
             ... on level 5 of the Dungeon on Nov 10, 2022.
             The game lasted 00:16:13 (2924 turns).

oldmanjim the Trooper (Djinni Earth Elementalist)   Turns: 2924, Time: 00:16:14

Health: -12/53     AC:  3    Str:  7    XL:     7   Next: 39%
Gold:   162        EV: 13    Int: 18    God:
                   SH:  0    Dex: 14

rFire   + + .      SeeInvis .    a - +0 sling
rCold   x . .      Faith    .    (no shield)
rNeg    . . .      Spirit   .    k - +0 robe
rPois   ∞          Reflect  .    (no helmet)
rElec   .          Harm     .    (no cloak)
rCorr   .          Rampage  .    r - +0 pair of gloves
Will    .....                    (boots unavailable)
Stlth   ++........               n - amulet of regeneration
HPRegen 1.08/turn                (no ring)
MPRegen 0.00/turn                (no ring)

@: attractive, flying, hasted, very quick
A: sickness immunity, fire resistance 2, cold vulnerability 1, float, innate
caster, HP casting, extra vitality 1
a: no special abilities


You were on level 5 of the Dungeon.
You visited 1 branch of the dungeon, and saw 5 of its levels.

You collected 162 gold pieces.

Inventory:

Hand Weapons
 a - a +0 sling (weapon)
 b - a +1 whip of venom
 v - a +0 dagger
Missiles
 d - 5 poisoned darts
 h - 21 stones
Armour
 k - a +0 robe (worn)
 r - a +0 pair of gloves (worn)
 s - a +0 leather armour
Jewellery
 n - an amulet of regeneration (around neck)
 q - an amulet of faith
Wands
 u - a wand of quicksilver (9)
Scrolls
 e - a scroll of fog
 f - a scroll of silence {unknown}
 g - 2 scrolls of identify
 o - a scroll of enchant armour {unknown}
 p - a scroll of magic mapping {unknown}
Potions
 c - a potion of haste
 i - a potion of flight
 j - a potion of attraction
 t - a potion of mutation {unknown}


   Skills:
 + Level 4.4 Fighting
 - Level 4.0 Dodging
 - Level 1.5 Stealth
 + Level 4.3 Spellcasting


You couldn't memorise any spells.
You knew the following spells:

 Your Spells              Type           Power      Damage    Failure   Level
a - Sandblast             Erth           38%        2d10      2%          1
b - Passwall              Tmut/Erth      15%        N/A       3%          2
c - Stone Arrow           Conj/Erth      38%        3d9       8%          3
d - Petrify               Tmut/Erth      19%        N/A       24%         4
e - Freeze                Ice            76%        1d8       2%          1
f - Poisonous Vapours     Pois/Air       38%        N/A       3%          2
g - Confusing Touch       Hex            19%        N/A       8%          3
Your spell library was empty.

Dungeon Overview and Level Annotations

Branches:
Dungeon (5/15)
 Temple: D:4-7

Altars:

Shops:
D:4 :


Innate Abilities, Weirdness & Mutations

You are immune to sickness and miasma.
You are immune to poison.
Your flesh is very heat resistant. (rF++)
You are vulnerable to cold. (rC-)
You float through the air rather than walking.
You learn spells naturally, not from books.
Your magical power is your life essence.
You have superior vitality. (+4 MHP)


Message History

The adder bites you but does no damage.
Casting: Stone Arrow (dangerous; 8% risk of failure)
Confirm with . or Enter, or press ? or * to list all spells.
You don't have enough health to cast this spell.
Unknown command.
Casting: Stone Arrow (dangerous; 8% risk of failure)
Confirm with . or Enter, or press ? or * to list all spells.
You don't have enough health to cast this spell.
Unknown command.
It was a potion of attraction.
You feel attractive to monsters. The adder barely misses you.
The adder bites you.
* * * LOW HITPOINT WARNING * * *
An orc priest comes into view. It is wielding a +0 flail.
The ogre closely misses you. The worm is attracted toward you.
The orc priest is attracted toward you. x2
It was a potion of haste.
You feel yourself speed up. The adder barely misses you. The adder misses you.
The adder closely misses you. The adder bites you but does no damage.
The orc priest is attracted toward you. The orc is attracted toward you.
It was a potion of curing.
You feel better.
The orc shouts!
The orc priest shouts!
You hear a shout!
The ogre barely misses you. The orc is attracted toward you.
As you read the scroll labelled EBBOPS SOSI, it crumbles to dust.
It is a scroll of identify.
i - a potion of flight The adder bites you.
* * * LOW HITPOINT WARNING * * *
The adder closely misses you. The orc priest is attracted toward you.
The orc is attracted toward you.
As you read the scroll labelled BIGUEX NUIBUPU, it crumbles to dust.
The scroll dissolves into smoke.
It was a scroll of fog.
The adder bites you.
* * * LOW HITPOINT WARNING * * *
The adder misses you. The worm closely misses you.
The orc priest looks satisfied for a moment.
Nothing appears to happen.
As you read the scroll labelled EGOAKHL MORI, it crumbles to dust.
It was a scroll of poison.
The ogre hits you with a +0 giant club!!
You die...

##############+
.....§o§§§.....
.....§S@§§.....
.....oSOw§.....
....§wor§§.....
...§.o§########
....~§~ ....§#~
....~~~ .§..~#~


You could see an ogre, 2 worms, an orc priest, 2 adders, 2 orcs and a rat.

Vanquished Creatures
  An ice beast (D:4)
  3 scorpions
  A hound (D:4)
  4 gnolls (D:4)
  5 adders
  A river rat (D:4)
  3 worms (D:2)
  5 dart slugs
  3 ball pythons
  10 bats
  4 endoplasms
  8 giant cockroaches
  12 goblins
  6 hobgoblins
  4 jackals (D:1)
  4 quokkas
  2 frilled lizards
  8 kobolds
  4 rats
88 creatures vanquished.

Notes
Turn   | Place    | Note
-------+----------+-------------------------------------------
     0 | D:1      | oldmanjim the Djinni Earth Elementalist began the quest for
                  | the Orb.
     0 | D:1      | oldmanjim set off with the following spells memorised:
                  | Sandblast, Passwall, Stone Arrow, Petrify.
     0 | D:1      | Reached XP level 1. HP: 15/15 MP: 0/0
    36 | D:1      | Reached XP level 2. HP: 17/22 MP: 0/0
    72 | D:1      | Reached skill level 1 in Fighting
   175 | D:1      | Reached XP level 3. HP: 27/27 MP: 0/0
   175 | D:1      | Learned a level 1 spell: Freeze
   654 | D:2      | Reached XP level 4. HP: 21/33 MP: 0/0
  1913 | D:4      | Found Onwifradgh's Vocational Training.
  1963 | D:4      | Reached XP level 5. HP: 27/40 MP: 0/0
  1963 | D:4      | Learned a level 2 spell: Poisonous Vapours
  2238 | D:4      | Noticed an ice beast
  2244 | D:4      | Killed an ice beast
  2245 | D:4      | Reached XP level 6. HP: 16/46 MP: 0/0
  2500 | D:4      | Reached XP level 7. HP: 51/51 MP: 0/0
  2500 | D:4      | Learned a level 3 spell: Confusing Touch
  2904 | D:5      | Entered Level 5 of the Dungeon
  2924 | D:5      | Mangled by an ogre

Illustrated notes

Levels and vault maps discovered:
D:1:      psy_arrival_dodecagon, layout_rooms
D:2:      layout_basic
D:3:      layout_loops_ring, minmay_misc_feat_room
D:4:      layout_gridville, nicolae_shop_vocational
D:5:      layout_gridville, overflow_temple_1_default,
          nicolae_ossuary_entry_monument, lightli_sewer_entry_pipes, uniq_pikel,
          uniq_edmund, uniq_grinder, uniq_sigmund

Skill      XL: |  1  2  3  4  5  6  7 |
---------------+----------------------+-----
Fighting       | 1 2 3 4 |  4.4
Spellcasting   | 3 4 |  4.3
Dodging        | 3 4 |  4.0
Stealth        | |  1.5

Action                   |  1- 3 |  4- 6 |  7- 9 || total
-------------------------+-------+-------+-------++-------
Melee: Dagger            |     1 |       |       ||     1
 Fire: Sling             |    28 |    72 |     6 ||   106
 Cast: Sandblast         |    28 |    24 |     6 ||    58
       Freeze            |    10 |     1 |       ||    11
       Stone Arrow       |       |    13 |     5 ||    18
       Poisonous Vapours |       |    13 |     5 ||    18
  Use: Scroll            |       |       |     3 ||     3
       Potion            |       |       |     3 ||     3
Armor: Robe              |     7 |     9 |     6 ||    22
Dodge: Dodged            |    19 |    16 |    22 ||    57

Table legend: (Time is in decaauts)
 A = Elapsed time spent in this place.
 B = Non-inter-level travel time spent in this place.
 C = Inter-level travel time spent in this place.
 D = Time resting spent in this place.
 E = Time spent auto-exploring this place.
 F = Levels seen in this place.
 G = Mean time per level.
                   A        B        C        D        E       F      G
               +--------+--------+--------+--------+--------+-----+--------+
         Total |   2988 |   2931 |     57 |     47 |   2336 |   5 |  597.6 |
       Dungeon |   2988 |   2931 |     57 |     47 |   2336 |   5 |  597.6 |
               +--------+--------+--------+--------+--------+-----+--------+

Top non-repeatable levels by time:
     D:4: 1033 daAuts
     D:2: 717 daAuts
     D:3: 659 daAuts
     D:1: 563 daAuts
     D:5: 14 daAuts
